 Dungeon Crawl Stone Soup version 0.24.0-1-gfbc8707 (webtiles) character file.

Game seed: 861457612181615088, levelgen mode: deterministic

7907 Fang the Fighter (level 11, -4/72 HPs)
             Began as a Gargoyle Berserker on Oct 28, 2019.
             Was an Elder of Trog.
             Slain by a 17-headed hydra (5 damage)
             ... on level 10 of the Dungeon.
             The game lasted 00:08:30 (8417 turns).

Fang the Fighter (Gargoyle Berserker)               Turns: 8417, Time: 00:08:30

Health: -4/72      AC: 25    Str: 24    XL:     11   Next: 22%
Magic:  11/11      EV: 10    Int:  8    God:    Trog [****..]
Gold:   621        SH:  0    Dex:  9    Spells: 10/10 levels left

rFire    + . .     SeeInvis .   a - +3 war axe (chop)
rCold    + . .     Gourm    .   (no shield)
rNeg     + . .     Faith    .   b - +3 plate armour {rF+}
rPois    ∞         Spirit   .   (no helmet)
rElec    +         Reflect  .   (no cloak)
rCorr    .         Harm     .   (no gloves)
MR       ++...                  (no boots)
Stlth    ..........             (no amulet)
HPRegen  1.22/turn              m - ring of protection from cold
MPRegen  0.12/turn              r - ring of flight

@: regenerating
A: negative energy resistance 1, electricity resistance, unbreathing,
petrification resistance, rot immunity, AC +8
a: Berserk, Trog's Hand, Brothers in Arms, Renounce Religion, Evoke Flight


You were on level 10 of the Dungeon.
You worshipped Trog.
Trog was greatly pleased with you.
You were very hungry.

You visited 2 branches of the dungeon, and saw 11 of its levels.

You collected 621 gold pieces.

Inventory:

Hand Weapons
 a - a +3 war axe of chopping (weapon)
Armour
 b - a +3 plate armour of fire resistance (worn)
Jewellery
 m - a ring of protection from cold (left hand)
 r - a ring of flight (right hand)
Wands
 q - a wand of iceblast (13)
 s - a wand of polymorph (10)
 y - a wand of disintegration (13)
 z - a wand of flame (16)
Scrolls
 d - 3 scrolls of remove curse
 f - 9 scrolls of identify
 i - 4 scrolls of amnesia
 j - 5 scrolls of teleportation
 k - 3 scrolls of fear
 x - a scroll of blinking
 A - a scroll of immolation {unknown}
Potions
 h - 2 potions of haste
 l - 4 potions of heal wounds {unknown}
 o - 2 potions of ambrosia {unknown}
 p - 3 potions of curing
 t - a potion of flight {unknown}
 u - a potion of might {unknown}
 v - a potion of invisibility {unknown}
 w - 2 potions of magic {unknown}
 B - a potion of berserk rage {unknown}
Comestibles
 c - 12 rations


   Skills:
 + Level 10.0 Fighting
 + Level 8.3 Axes
 + Level 9.6 Armour
 + Level 7.3 Dodging


You had 10 spell levels left.
You didn't know any spells.
Your spell library was empty.

Dungeon Overview and Level Annotations

Branches:
Dungeon (10/15)            Temple (1/1) D:7            Lair (0/6) D:8
    Orc (0/2) D:10

Altars:
Cheibriados
Fedhas
Gozag
Hepliaklqana
Kikubaaqudgha
Nemelex Xobeh
Qazlal
Ru
Sif Muna
Trog
Wu Jian
Xom
Zin
The Shining One

Shops:
D:9 *


Innate Abilities, Weirdness & Mutations

You are resistant to torment.
Your stone body is resilient. (AC +8)
You are immune to poison.
You resist negative energy. (rN+)
You are resistant to electric shocks. (rElec)
You can survive without breathing.
You are immune to petrification.
You are immune to rotting.


Message History

The 17-headed hydra bites you but does no damage.
The orc warrior hits you from afar with a +0 trident.
* * * LOW HITPOINT WARNING * * *
There is a stone staircase leading up here.
You can't go down here!
The orc warrior hits you but does no damage.
The 17-headed hydra bites you.
* * * LOW HITPOINT WARNING * * *
The 17-headed hydra bites you.
* * * LOW HITPOINT WARNING * * *
The 17-headed hydra barely misses you. x2
The 17-headed hydra bites you but does no damage. x3
The 17-headed hydra bites you!
* * * LOW HITPOINT WARNING * * *
The 17-headed hydra barely misses you.
The 17-headed hydra bites you but does no damage.
The 17-headed hydra barely misses you.
The 17-headed hydra bites you but does no damage.
The 17-headed hydra bites you.
You die...

*,*,,**,*#####....#.#,,,*,,>,,,,,
,,,,,,,,,#........#.#,,,*,*******
,***,,,,.....##Y....#,,,*,*******
,*,****,..#**#)#....####*,,,,,,,,
,**,,,****#.lo##........,,,,,****
,,*,,,,.W.W.oY#...###...*,,,,*
,,*,,*,....#..#o........,,,,,*
,,**,,*###*..##lD....###******
,,,*,,****#..#..@....#
,,,*,,,,,*#..#.......# *****
,,,*,,**,*#..#.......# *,,,*
,,**,,**,**,,##......# *,*,* **
,,*,,*,,,,,*,,#..##### *,,,****,
,,*,,,,,,,,,,,#..# *,,,,,,,,
,**,,,*****,,,##.# *,,,,,,,,
,*,****,,,****,#.# *,**,,,,,
,***,,,,,,,,,***,********,**,,*,,


You could see a catoblepas, a 17-headed hydra, an orc warrior and a wyvern.

Vanquished Creatures
  A two-headed ogre (D:9)
  A shadow wraith (D:9)
  Pikel (D:4)
  An ugly thing (D:8)
  A deep elf mage (D:9)
  A manticore (D:8)
  A komodo dragon (D:10)
  A troll (D:10)
  2 hornets (D:8)
  A wraith (D:10)
  2 wyverns (D:9)
  Menkaure (D:5)
  An orc warrior (D:7)
  2 black bears
  An ice beast (D:9)
  4 phantoms
  2 eyes of draining
  3 ogres
  3 centaurs
  9 bullfrogs
  A wyvern zombie (D:6)
  4 scorpions
  3 killer bees (D:7)
  A wight (D:6)
  3 howler monkeys (D:7)
  A centaur zombie (D:7)
  7 crimson imps
  2 bullfrog zombies (D:5)
  2 hounds
  A quasit (D:9)
  A jelly (D:8)
  Crazy Yiuf (D:2)
  6 orc priests
  2 bullfrog skeletons
  2 centaur skeletons
  2 orc wizards
  2 iguanas
  6 worker ants
  3 hound skeletons
  A howler monkey zombie (D:6)
  A howler monkey skeleton (D:5)
  10 adders
  A shadow imp (D:7)
  An ooze (D:1)
  An adder skeleton (D:3)
  4 worms
  A dart slug (D:2)
  5 leopard geckos
  12 orcs
  8 bats
  3 giant cockroaches
  5 goblins
  12 hobgoblins
  9 jackals
  4 quokkas
  2 frilled lizards (D:1)
  2 giant cockroach zombies
  13 kobolds
  2 quokka skeletons
  11 rats
197 creatures vanquished.

Vanquished Creatures (others)
  A slave (D:4)
  An ogre (D:4)
  A centaur (D:10)
  3 jackals (D:4)
6 creatures vanquished.

Grand Total: 203 creatures vanquished

Notes
Turn   | Place    | Note
-------+----------+-------------------------------------------
     0 | D:1      | Fang the Gargoyle Berserker began the quest for the Orb.
     0 | D:1      | Reached XP level 1. HP: 14/14 MP: 1/1
   155 | D:1      | Reached XP level 2. HP: 19/19 MP: 2/2
   390 | D:1      | Reached XP level 3. HP: 21/23 MP: 3/3
   475 | D:1      | Reached ** piety under Trog
  1108 | D:2      | Reached XP level 4. HP: 23/29 MP: 4/4
  1429 | D:2      | Reached skill level 4 in Fighting
  1449 | D:2      | Found a runed translucent door.
  1450 | D:2      | Noticed Crazy Yiuf
  1700 | D:2      | Killed Crazy Yiuf
  1746 | D:3      | Reached XP level 5. HP: 9/33 MP: 5/5
  2365 | D:3      | Found a sparkling altar of Nemelex Xobeh.
  2695 | D:4      | Noticed an ogre
  2700 | D:4      | Killed an ogre
  2700 | D:4      | Reached XP level 6. HP: 39/39 MP: 6/6
  2847 | D:4      | Reached *** piety under Trog
  3014 | D:4      | Noticed a slave
  3014 | D:4      | Noticed a slave
  3015 | D:4      | Noticed a slave
  3016 | D:4      | Noticed a slave
  3018 | D:4      | Noticed Pikel
  3043 | D:4      | Killed Pikel
  3043 | D:4      | Reached skill level 5 in Fighting
  3043 | D:4      | Reached skill level 5 in Armour
  3043 | D:4      | Reached XP level 7. HP: 45/45 MP: 7/7
  3131 | D:4      | Reached XP level 8. HP: 51/51 MP: 8/8
  3364 | D:4      | Reached skill level 6 in Fighting
  3720 | D:5      | Entered Level 5 of the Dungeon
  3740 | D:5      | Reached skill level 5 in Axes
  3794 | D:5      | Noticed Menkaure
  3800 | D:5      | Killed Menkaure
  4226 | D:5      | Noticed an angel
  4227 | D:5      | Found a shimmering altar of Xom.
  4227 | D:5      | Found a glowing silver altar of Zin.
  4624 | D:6      | Reached skill level 7 in Fighting
  4624 | D:6      | Reached XP level 9. HP: 23/57 MP: 9/9
  4681 | D:6      | Reached skill level 5 in Dodging
  5370 | D:7      | Reached **** piety under Trog
  5556 | D:7      | Reached skill level 8 in Fighting
  5572 | D:7      | Found a staircase to the Ecumenical Temple.
  5642 | Temple   | Entered the Ecumenical Temple
  5801 | D:7      | Found a bloodstained altar of Trog.
  6015 | D:7      | Found an ancient bone altar of Kikubaaqudgha.
  6024 | D:7      | Found a blossoming altar of Fedhas.
  6065 | D:8      | Noticed a hornet
  6086 | D:8      | Killed a hornet
  6086 | D:8      | Reached XP level 10. HP: 43/65 MP: 10/10
  6396 | D:8      | Found a staircase to the Lair.
  6630 | D:8      | Noticed a red ugly thing
  6631 | D:8      | Noticed a manticore
  6642 | D:8      | Killed a red ugly thing
  6646 | D:8      | Killed a manticore
  6646 | D:8      | Reached skill level 9 in Fighting
  6942 | D:8      | Found a stormy altar of Qazlal.
  6979 | D:8      | Found an ornate altar of the Wu Jian Council.
  7010 | D:8      | Found a hazy altar of Hepliaklqana.
  7012 | D:8      | Found a snail-covered altar of Cheibriados.
  7012 | D:8      | Found a shimmering blue altar of Sif Muna.
  7013 | D:8      | Found an opulent altar of Gozag.
  7016 | D:8      | Found a sacrificial altar of Ru.
  7017 | D:8      | Found a glowing golden altar of the Shining One.
  7038 | D:9      | Noticed a two-headed ogre
  7049 | D:9      | Killed a two-headed ogre
  7125 | D:9      | Found a large runed translucent door.
  7180 | D:9      | Found a large runed translucent door.
  7209 | D:9      | Noticed a deep elf mage
  7225 | D:9      | Killed a shadow wraith
  7227 | D:9      | Killed a deep elf mage
  7227 | D:9      | Reached XP level 11. HP: 18/72 MP: 0/11
  7493 | D:9      | Found a stormy altar of Qazlal.
  7504 | D:9      | Found a bloodstained altar of Trog.
  7739 | D:9      | Found Corha's Assorted Antiques.
  8051 | D:10     | Entered Level 10 of the Dungeon
  8059 | D:10     | Reached ***** piety under Trog
  8386 | D:10     | Noticed a catoblepas
  8389 | D:10     | Noticed a four-headed hydra
  8393 | D:10     | Reached skill level 10 in Fighting
  8417 | D:10     | HP: 1/72 [17-headed hydra (9)]
  8417 | D:10     | Slain by a 17-headed hydra

Levels and vault maps discovered:
D:1:      minmay_arrival_checkered_box, layout_loops_corners
D:2:      layout_loops_ring, minmay_misc_feat_x, uniq_crazy_yiuf_cottage
D:3:      layout_basic, old_standard_altar, serial_undead, serial_undead_b,
          serial_undead_d, serial_undead_f, serial_undead_b, first_ration
D:4:      layout_loops_ring, kennysheep_potato, uniq_pikel
D:5:      layout_basic, grunt_temple_overflow_order_and_chaos_1,
          minmay_tree_intersection, uniq_menkaure
D:6:      minmay_diamond_boxcup, layout_rooms
D:7:      layout_basic, grunt_temple_overflow_growth_and_decay,
          minmay_temple_entry_drinking_statues, trog_book
D:8:      layout_rooms, minitemple, kennysheep_mini_moat, lair_entry_dummy
D:9:      layout_long_grid, serial_shops, shop, jmf_multi_god_temple2
D:10:     layout_stronghold, hiddenorc1_lemuel, minmay_pinched_square
Temple:   nicolae_temple_figure_zero

Skill      XL: |  1  2  3  4  5  6  7  8  9 10 11 |
---------------+----------------------------------+-----
Axes           | 3 4 5 6 8 |  8.3
Dodging        | 2 3 4 6 7 |  7.3
Armour         | 3 5 6 7 9 |  9.6
Fighting       | 4 5 7 8 9 10 | 10.0

Action                   |  1- 3 |  4- 6 |  7- 9 | 10-12 || total
-------------------------+-------+-------+-------+-------++-------
Melee: Hand axe          |   112 |   178 |    10 |       ||   300
       War axe           |       |       |   290 |   177 ||   467
Invok: Berserk           |       |     4 |     4 |     4 ||    12
       Trog's Hand       |       |     1 |     1 |     1 ||     3
  Use: Scroll            |       |       |       |     9 ||     9
 Stab: Sleeping          |     2 |     1 |       |       ||     3
       Distracted        |       |       |       |     1 ||     1
       Petrified         |       |       |       |     6 ||     6
  Eat: Chunk             |     1 |     9 |    15 |    11 ||    36
Armor: Animal skin       |    39 |    70 |    18 |       ||   127
       Plate armour      |       |       |   190 |   201 ||   391
Dodge: Dodged            |    72 |   116 |   150 |   102 ||   440
